 Dungeon Crawl Stone Soup version 0.27.1-33-g824d729ab1 (webtiles) character file.

Game seed: 17802311667695142172

65 bearlyready the Grave Robber (level 3, 0/24 HPs)
             Began as a Demonspawn Necromancer on Nov 24, 2021.
             Was an Initiate of Nemelex Xobeh.
             Succumbed to a kobold brigand's curare-tipped dart
             ... on level 4 of the Dungeon.
             The game lasted 00:08:46 (3996 turns).

bearlyready the Grave Robber (DsNe)                 Turns: 3996, Time: 00:08:47

Health: 0/24       AC:  4    Str:  8    XL:     3   Next: 92%
Magic:  4/6        EV: 11    Int: 17    God:    Nemelex Xobeh [......]
Gold:   173        SH:  0    Dex: 15    Spells: 4/6 levels left

rFire    . . .     SeeInvis .   f - staff of death
rCold    . . .     Faith    .   (no shield)
rNeg     + . .     Spirit   .   c - +1 leather armour
rPois    .         Reflect  .   (no helmet)
rElec    .         Harm     .   (no cloak)
rCorr    .         Rampage  .   (no gloves)
Will     .....                  (no boots)
Stlth    +++.......             (no amulet)
HPRegen  0.08/turn              (no ring)
MPRegen  0.10/turn              (no ring)

@: lethally poisoned (0 -> -31), slowed, very slow
A: thin skeletal structure 1, hooves 1, deterioration 1
a: Renounce Religion, Draw Escape, Draw Destruction, Draw Summoning


You were on level 4 of the Dungeon.
You worshipped Nemelex Xobeh.
Nemelex Xobeh was noncommittal.
You visited 2 branches of the dungeon, and saw 5 of its levels.

You collected 173 gold pieces.

Inventory:

Missiles
 b - a throwing net
Armour
 a - a +0 robe
 c - a +1 leather armour (worn)
Magical Staves
 f - a staff of death (weapon)
Jewellery
 r - a +4 ring of protection
Scrolls
 d - 2 scrolls of immolation {unknown}
 e - a scroll of teleportation {unknown}
 g - a scroll of fear {unknown}
 h - a scroll of noise {unknown}
 i - a scroll of enchant weapon {unknown}
 k - a scroll of blinking
 l - a scroll of enchant armour
 p - a scroll of vulnerability {unknown}
Potions
 j - a potion of heal wounds
 n - a potion of flight {unknown}
 o - a potion of berserk rage {unknown}
 q - a potion of cancellation {unknown}
 s - a potion of might {unknown}


   Skills:
 + Level 2.0 Staves
 - Level 1.7 Dodging
 - Level 1.7 Stealth
 - Level 2.0 Spellcasting
 + Level 5.3 Necromancy
 + Level 0.0 Invocations
 + Level 0.3 Evocations


You had 4 spell levels left.
You knew the following spells:

 Your Spells              Type           Power      Damage    Failure   Level
a - Pain                  Necr           100%       1d9       3%          1
b - Animate Skeleton      Necr           58%        N/A       3%          1

Your spell library contained the following spells:

 Spells                   Type           Power      Damage    Failure   Level
 Sublimation of Blood     Necr           14%        N/A       4%          2
 Vampiric Draining        Necr           14%        2d8       10%         3
 Beastly Appendage        Tmut           2%         N/A       28%         1
 Magic Dart               Conj           4%         1d3       28%         1
 Animate Dead             Necr           14%        N/A       30%         4
 Call Imp                 Summ           1%         N/A       38%         2
 Slow                     Hex            1%         N/A       38%         2
 Wereblood                Tmut           1%         N/A       38%         2
 Confusing Touch          Hex            1%         N/A       63%         3
 Mephitic Cloud           Conj/Pois/Air  1%         N/A       63%         3
 Spider Form              Tmut/Pois      0%         N/A       63%         3
 Petrify                  Tmut/Erth      1%         N/A       95%         4
 Agony                    Necr           29%        N/A       65%         5
 Irradiate                Conj/Tmut      0%         3d13      100%        5
 Yara's Violent Unravell  Hex/Tmut       0%         3d3       100%        5


Dungeon Overview and Level Annotations

Branches:
Dungeon (4/15)             Temple (1/1) D:4

Altars:
Cheibriados
Elyvilon
Fedhas
Makhleb
Nemelex Xobeh
Qazlal
Ru
Sif Muna
Trog
Vehumet
Wu Jian
Xom
Yredelemnul
Zin


Innate Abilities, Weirdness & Mutations

You have a somewhat thin skeletal structure. (Dex +2, Stealth+)
You have large cloven feet.
Your body sometimes deteriorates upon taking damage.


Message History

You are poisoned.
You have difficulty breathing.
You feel yourself slow down.
Things that are here:
a +0 leather armour; a +0 war axe; an orc skeleton You feel very sick.
The kobold brigand throws a curare-tipped dart.
The curare-tipped dart closely misses you.
Casting: Pain (safe; 3% risk of failure)
Confirm with . or Enter, or press ? or * to list all spells.
Aiming: Pain (safe; 3% risk of failure)
Press: ? - help, Shift-Dir - straight line, f - kobold brigand
Aim: a kobold brigand, wielding a +0 spear, wearing a +0 buckler and quivering curare-tipped darts (chance to affect: 84%)
You feel a surge of power!
The kobold brigand writhes in agony!
You feel very sick.
Casting: Pain (safe; 3% risk of failure)
Confirm with . or Enter, or press ? or * to list all spells.
Okay, then.
Casting: Pain (safe; 3% risk of failure)
Confirm with . or Enter, or press ? or * to list all spells.
You feel a surge of power!
You attempt to give life to the dead...
The dead are walking!
* * * LOW HITPOINT WARNING * * *
You feel very sick.
The kobold brigand hits you but does no damage.
You feel much better.
You feel sick.
The kobold brigand throws a curare-tipped dart.
The curare-tipped dart hits you.
You are more poisoned.
You have difficulty breathing.
You feel as though you will be slow longer.
The kobold brigand throws a curare-tipped dart.
The curare-tipped dart hits you.
You are lethally poisoned!
You have difficulty breathing.
You feel as though you will be slow longer.
It was a potion of mutation.
You feel extremely strange.
You feel stupid.
You feel clever.
You feel yourself wasting away.
Your feet thicken and deform.
You die...
Your body disappears without a glow.

..................
...##...........#...#
...............##.... #
.............###....
#.##...###........#....
.....#.###........#....
##..#..###..........##
..#?...Z.........##.....
.....K.@..........##...#
...........##....####.##
.......##...#.....#...#
..#...# #.............##
. ##.# ##....#.##.#...#
## #....######...#
###..# #.... #...
........ #.......#....


You could see a kobold brigand (ally target) and a friendly orc skeleton.

Vanquished Creatures
  An adder (D:2)
  4 dart slugs
  An orc (D:4)
  2 endoplasms
  2 giant cockroaches
  4 hobgoblins
  4 jackals (D:1)
  7 ball pythons
  6 bats
  A frilled lizard (D:2)
  4 goblins
  5 kobolds
  4 rats
45 creatures vanquished.

Notes
Turn   | Place    | Note
-------+----------+-------------------------------------------
     0 | D:1      | bearlyready the Demonspawn Necromancer began the quest for
                  | the Orb.
     0 | D:1      | Reached XP level 1. HP: 13/13 MP: 3/3
   368 | D:1      | Learned a level 1 spell: Animate Skeleton
   729 | D:1      | Gained mutation: You have a somewhat thin skeletal
                  | structure. (Dex +2, Stealth+) [demonic ancestry]
   729 | D:1      | Reached XP level 2. HP: 18/19 MP: 5/5
  1154 | D:2      | Reached skill level 1 in Staves
  1639 | D:2      | Reached skill level 5 in Necromancy
  1639 | D:2      | Reached XP level 3. HP: 18/24 MP: 3/6
  3206 | D:4      | Found a staircase to the Ecumenical Temple.
  3355 | D:4      | Noticed a kobold brigand
  3411 | D:4      | Noticed an ogre
  3426 | Temple   | Entered the Ecumenical Temple
  3952 | Temple   | Became a worshipper of Nemelex Xobeh the Trickster
  3996 | D:4      | Gained mutation: You are dopey. (Int -2) [potion of
                  | mutation]
  3996 | D:4      | Lost mutation: You are dopey. (Int -2) [potion of mutation]
  3996 | D:4      | Gained mutation: Your body sometimes deteriorates upon
                  | taking damage. [potion of mutation]
  3996 | D:4      | Gained mutation: You have large cloven feet. [potion of
                  | mutation]
  3996 | D:4      | Succumbed to a kobold brigand's curare-tipped dart

Illustrated notes

Levels and vault maps discovered:
D:1:      minmay_arrival_doors, layout_basic
D:2:      layout_loops_ring, mrwooster_statue_mirror, dk_vineyard_2,
          hangedman_decor_clover_reticule, grunt_decor_arrowhead
D:3:      layout_basic
D:4:      layout_cave_pools, minmay_temple_entry_sparse_star,
          hangedman_decor_lopped
Temple:   minmay_temple_curvy_branch

Skill      XL: |  1  2  3 |
---------------+----------+-----
Staves         | 1 2 |  2.0
Necromancy     | 5 |  5.3
Dodging        | |  1.7
Stealth        | |  1.7
Spellcasting   | |  2.0
Evocations     | |  0.3

Action                   || total
-------------------------++-------
Melee: Staff             ||   127
       Unarmed           ||     3
 Cast: Pain              ||    26
       Animate Skeleton  ||     1
  Use: Scroll            ||     2
       Potion            ||     3
 Stab: Sleeping          ||     7
Armor: Leather armour    ||    52
Dodge: Dodged            ||   125
